 Dungeon Crawl Stone Soup version 0.28-a0-401-ge240ad9e29 (webtiles) character file.

Game seed: 2471176948095520276

184 Spaninq the Covert (level 5, -13/28 HPs)
             Began as a Spriggan Delver on Sept 4, 2021.
             Killed from afar by Ijyb (41 damage)
             ... with a bolt of acid
             ... on level 4 of the Dungeon.
             The game lasted 00:15:17 (6313 turns).

Spaninq the Covert (Spriggan Delver)                Turns: 6313, Time: 00:15:17

Health: -13/28     AC:  4    Str:  8    XL:     5   Next: 36%
Magic:  6/6        EV: 19    Int: 11    God:
Gold:   249        SH:  5    Dex: 18    Spells: 4/4 levels left

rFire   . . .      SeeInvis +   p - +0 dagger
rCold   . . .      Faith    .   (shield restricted)
rNeg    . . .      Spirit   .   b - +0 robe
rPois   .          Reflect  +   (helmet restricted)
rElec   .          Harm     .   o - +1 cloak
rCorr   .          Rampage  .   (gloves unavailable)
Will    .....                   (boots unavailable)
Stlth   ++++......              m - amulet of reflection
HPRegen 0.09/turn               (no ring)
MPRegen 0.10/turn               (no ring)

@: very quick
A: very small, no large weapons, unfitting armour, see invisible, speed 3
a: no special abilities


You were on level 4 of the Dungeon.
You visited 1 branch of the dungeon, and saw 5 of its levels.

You collected 249 gold pieces.

Inventory:

Hand Weapons
 a - a +0 short sword
 p - a +0 dagger (weapon)
Missiles
 s - 41 poisoned darts (quivered)
Armour
 b - a +0 robe (worn)
 h - a scarf of shadows
 o - a +1 cloak (worn)
Jewellery
 m - an amulet of reflection (around neck)
 n - a ring of flight
Wands
 g - a wand of digging (3)
Scrolls
 c - a scroll of fog
 d - 2 scrolls of magic mapping
 e - 3 scrolls of fear
 i - 2 scrolls of vulnerability {unknown}
 j - a scroll of enchant armour {unknown}
 k - 3 scrolls of teleportation {unknown}
 q - a scroll of holy word {unknown}
 r - a scroll of noise {unknown}
 t - a scroll of blinking {unknown}
Potions
 f - 3 potions of haste
 l - a potion of curing {unknown}
 u - 2 potions of attraction {unknown}


   Skills:
 + Level 3.1 Fighting
 + Level 3.3 Short Blades
 + Level 4.0 Dodging
 * Level 9.0 Stealth


You had 4 spell levels left.
You didn't know any spells.
Your spell library contained the following spells:

 Spells                   Type           Power      Damage    Failure   Level
 Freeze                   Ice            0%         1d3       34%         1
 Sublimation of Blood     Necr           0%         N/A       47%         2
 Wereblood                Tmut           0%         N/A       47%         2
 Frozen Ramparts          Ice            0%         1d2       71%         3
 Hailstorm                Conj/Ice       0%         3d3       98%         4
 Summon Hydra             Summ           0%         N/A       100%        7


Dungeon Overview and Level Annotations

Branches:
Dungeon (5/15)
 Temple: D:4-7

Altars:

Shops:
D:2 *

Annotations:
D:3 Sigmund
D:4 Grinder, Ijyb


Innate Abilities, Weirdness & Mutations

You are very small and have problems with some larger weapons.
You are too small for most types of armour.
You have supernaturally acute eyesight. (SInv)
You cover ground extremely quickly. (Speed+++)


Message History

The goblin shouts!
You hit the goblin but do no damage. You block the goblin's attack.
You completely miss the goblin. The goblin hits you with a +0 club.
You hit the goblin.
The goblin is severely wounded.
You block the goblin's attack.
You completely miss the goblin.
The goblin is severely wounded.
The goblin hits you with a +0 club.
You barely miss the goblin.
The goblin is severely wounded.
The goblin barely misses you.
You hit the goblin.
You kill the goblin!
You now have 232 gold pieces (gained 12).
Things that are here:
a +0 club; a goblin corpse A gnoll comes into view.
It is wielding a +0 whip.
A gnoll comes into view. It is wielding a +0 vorpal spear.
Things that are here:
a +0 club; a goblin corpse The gnoll throws a stone.
The stone hits you but does no damage.
A goblin comes into view. It is wielding a +0 dagger.
Found a leather armour.
Things that are here:
4 large rocks; 7 gold pieces The helpless goblin fails to defend itself.
You perforate the goblin like a sieve!!!
You kill the goblin!
Things that are here:
a +0 dagger; a goblin corpse You now have 239 gold pieces (gained 7).
You see here 4 large rocks.
You see here 4 large rocks.
You now have 249 gold pieces (gained 10).
Ijyb is nearby!
Ijyb shouts!
The adder hisses angrily.
Ijyb zaps a wand.
The bolt of acid hits you!!!
Ouch! That really hurt!
You die...

.S##### ..#$.##
###.....# #.......#
##.......# #.....
#........## #.....
#.........## #.)..
#.g..@.....###...#
#...........##...##
#........#...##...#
##.......##...#...####
#.....>.###..........
#.......# ##...###..#
#...<..<# #..##....#
##..(..## #^.##......
##....# #.#........


You could see Ijyb and an adder.

Vanquished Creatures
  2 hounds
  Crazy Yiuf (D:2)
  An adder (D:3)
  A white imp (D:4)
  2 worms (D:2)
  3 dart slugs
  An orc (D:3)
  8 ball pythons
  11 endoplasms
  9 goblins
  3 hobgoblins
  2 jackals (D:1)
  2 kobolds (D:2)
  2 quokkas
  7 bats
  4 frilled lizards
  6 rats
65 creatures vanquished.

Notes
Turn   | Place    | Note
-------+----------+-------------------------------------------
     0 | D:5      | Spaninq the Spriggan Delver began the quest for the Orb.
     0 | D:5      | Reached XP level 1. HP: 11/11 MP: 2/2
   315 | D:3      | Reached XP level 2. HP: 16/16 MP: 3/3
  1108 | D:1      | Reached XP level 3. HP: 19/19 MP: 4/4
  1753 | D:2      | Reached skill level 8 in Stealth
  2519 | D:2      | You fall into a shaft and drop 2 floors!
  2559 | D:4      | Noticed Grinder
  2560 | D:4      | Noticed Ijyb
  2628 | D:3      | Noticed Sigmund
  3138 | D:2      | Found Epohun's General Store.
  3225 | D:2      | Found a faded altar of an unknown god.
  3346 | D:2      | Found a runed translucent door.
  3347 | D:2      | Noticed Crazy Yiuf
  3354 | D:2      | Killed Crazy Yiuf
  3355 | D:2      | Reached XP level 4. HP: 23/23 MP: 5/5
  5356 | D:3      | Reached XP level 5. HP: 4/28 MP: 6/6
  5942 | D:4      | Reached skill level 9 in Stealth
  6313 | D:4      | Killed from afar by Ijyb

Illustrated notes

Levels and vault maps discovered:
D:1:      lightli_arrival_statue_moat, layout_basic
D:2:      layout_loops_corners, hellmonk_ecumenical_altar_run_dry, serial_shops,
          nicolae_shop_trees, grunt_ministairs_15, kennysheep_decorative_pillar,
          uniq_crazy_yiuf_cottage
D:3:      layout_loops_corners, minmay_cupped, uniq_sigmund
D:4:      layout_cave_pods, uniq_ijyb, uniq_grinder
D:5:      layout_basic, gammafunk_temple_overflow_wave,
          minmay_temple_entry_stoned_glass, serial_bayou, serial_bayou_lagoon_a,
          serial_bayou_shore_b, serial_bayou_pond_b, serial_bayou_pond_d,
          serial_bayou_shore_a, serial_bayou_crossing, serial_shops,
          nicolae_shop_competitors_out_of_business

Skill      XL: |  1  2  3  4  5 |
---------------+----------------+-----
Dodging        | 3 4 |  4.0
Stealth        | 8 9 |  9.0
Short Blades   | 3 |  3.3
Fighting       | 3 |  3.1

Action                   |  1- 3 |  4- 6 || total
-------------------------+-------+-------++-------
Melee: Short sword       |    54 |       ||    54
       Dagger            |   109 |   120 ||   229
 Stab: Sleeping          |    28 |     9 ||    37
       Distracted        |       |     1 ||     1
Armor: Robe              |    11 |     6 ||    17
Dodge: Dodged            |    92 |    77 ||   169
Block: Other             |    33 |    18 ||    51
       Reflection        |     1 |     3 ||     4

Table legend: (Time is in decaauts)
 A = Elapsed time spent in this place.
 B = Non-inter-level travel time spent in this place.
 C = Inter-level travel time spent in this place.
 D = Time resting spent in this place.
 E = Time spent auto-exploring this place.
 F = Levels seen in this place.
 G = Mean time per level.
                   A        B        C        D        E       F      G
               +--------+--------+--------+--------+--------+-----+--------+
         Total |   4736 |   4477 |    259 |   1451 |   1779 |   5 |  947.2 |
       Dungeon |   4736 |   4477 |    259 |   1451 |   1779 |   5 |  947.2 |
               +--------+--------+--------+--------+--------+-----+--------+

Top non-repeatable levels by time:
     D:1: 1518 daAuts
     D:2: 1339 daAuts
     D:3: 1306 daAuts
     D:4: 538 daAuts
     D:5: 32 daAuts
